 Dungeon Crawl Stone Soup version 0.23-a0-642-g3120c2f5a9 (webtiles) character file.

82203 HereIgoKillingAgain the Brawler (level 15, -2/113 HPs)
             Began as a Green Draconian Transmuter on Dec 31, 2018.
             Was the Champion of Ru.
             Hit by a large rock thrown by a cyclops (36 damage)
             ... on level 2 of the Orcish Mines.
             The game lasted 00:48:11 (24955 turns).

HereIgoKillingAgain the Brawler (DrTm)             Turns: 24955, Time: 00:48:12

Health: -2/113     AC: 17    Str: 14    XL:     15   Next: 28%
Magic:  27/27      EV: 16    Int: 17    God:    Ru [******]
Gold:   1810       SH:  0    Dex: 12    Spells: 26/31 levels left

rFire    x . .     SeeInvis .     - Unarmed
rCold    . . .     Gourm    .   (shield currently unavailable)
rNeg     + . .     Faith    +   (armour unavailable)
rPois    +         Spirit   .   (helmet restricted)
rElec    .         Reflect  .   S - +2 ratskin cloak {+Rats rPois rN+ Str-1 Int-1 Dex+1}
rCorr    .         Harm     .   (gloves currently unavailable)
MR       +....                  (no boots)
Stlth    ..........             e - amulet of faith
HPRegen  0.28/turn              q - +5 ring of protection
MPRegen  0.20/turn              E - ring of protection from cold

@: exhausted, blade hands, marked, drained
A: breathe noxious fumes, unfitting armour, stinger 1, talons 1, deterioration
1, frail 1, mutation resistance 1, poison resistance, cold-blooded, no stealth,
hated by all, temperature sensitive, AC +9
a: Breathe Noxious Fumes, End Transformation, Draw Out Power, Power Leap,
Apocalypse, Renounce Religion


You were on level 2 of the Orcish Mines.
You worshipped Ru.
Ru was exalted by your worship.
You were very full.
You had blades for hands.
You visited 3 branches of the dungeon, and saw 21 of its levels.
You also visited: Sewer, Ossuary and Ice Cave.

You collected 2038 gold pieces.
You spent 228 gold pieces at shops.

Inventory:

Missiles
 g - 429 arrows
Armour
 r - a +2 pair of gloves (melded)
 S - the +2 ratskin cloak (worn) {+Rats rPois rN+ Str-1 Int-1 Dex+1}
   (You found it in an ice cave)

   It affects your strength (-1).
   It affects your intelligence (-1).
   It affects your dexterity (+1).
   It protects you from poison.
   It protects you from negative energy.
Jewellery
 e - an amulet of faith (around neck)
 q - a +5 ring of protection (left scythe-like blade)
 y - a +3 ring of intelligence
 D - an uncursed amulet of magic regeneration {unknown}
 E - a ring of protection from cold (right scythe-like blade)
 I - a -2 ring of protection
 M - an uncursed ring of magical power
 Q - a cursed ring of teleportation {unknown}
Wands
 k - a wand of digging (5)
 v - a wand of enslavement (10)
 w - a wand of clouds (6)
 H - a wand of polymorph (21)
 P - a wand of paralysis (16)
Scrolls
 a - 7 scrolls of enchant weapon
 d - 4 scrolls of remove curse
 h - 6 scrolls of teleportation
 j - a scroll of vulnerability {unknown}
 o - 2 scrolls of fog {unknown}
 p - 4 scrolls of immolation
 s - 5 scrolls of fear
 A - 6 scrolls of enchant armour
 C - 6 scrolls of amnesia
 F - 2 scrolls of holy word {unknown}
 J - a scroll of brand weapon {unknown}
 K - 3 scrolls of magic mapping {unknown}
 O - 2 scrolls of silence {unknown}
Potions
 f - a potion of cancellation
 i - 6 potions of lignification
 l - 3 potions of invisibility
 m - 3 potions of flight
 n - 6 potions of curing
 t - 2 potions of agility
 u - 2 potions of heal wounds
 x - 4 potions of might
 z - 2 potions of berserk rage
 G - 2 potions of brilliance
 L - 4 potions of resistance
 N - a potion of magic
Comestibles
 c - 18 rations


   Skills:
 + Level 9.9(9.0) Fighting
 + Level 8.6(7.7) Dodging
 * Level 18.0(16.9) Unarmed Combat
 + Level 8.6(7.7) Spellcasting
 + Level 12.0(11.0) Transmutations
 - Level 5.0(4.2) Evocations


You had 26 spell levels left.
You knew the following spells:

 Your Spells              Type           Power        Failure   Level  Hunger
a - Blade Hands           Tmut           #####.....   26%         5    #####..

Your spell library contained the following spells:

 Spells                   Type           Power        Failure   Level  Hunger
 Beastly Appendage        Tmut           #####.       7%          1    None
 Spider Form              Tmut/Pois      ####......   26%         3    #......
 Corona                   Hex            #......      47%         1    None
 Pain                     Necr           #...         47%         1    None
 Ice Form                 Ice/Tmut       ####....     47%         4    ###....
 Blink                    Tloc           N/A          56%         2    None
 Ensorcelled Hibernation  Hex/Ice        #.....       56%         2    None
 Poisonous Vapours        Pois/Air       #.....       56%         2    None
 Shroud of Golubria       Chrm/Tloc      #.........   56%         2    None
 Confuse                  Hex            #.......     75%         3    #......
 Conjure Flame            Conj/Fire      #.......     75%         3    #......
 Dazzling Spray           Conj/Hex       #.....       75%         3    #......
 Gell's Gravitas          Tloc           #.........   75%         3    #......
 Lesser Beckoning         Tloc           #.........   75%         3    #......
 Mephitic Cloud           Conj/Pois/Air  #.......     75%         3    #......
 Regeneration             Chrm/Necr      #.........   75%         3    #......
 Teleport Other           Tloc           #.......     75%         3    #......
 Tukima's Dance           Hex            #.......     75%         3    #......
 Vampiric Draining        Necr           #.........   75%         3    #......
 Passage of Golubria      Tloc           N/A          96%         4    ###....
 Freezing Cloud           Conj/Ice/Air   #.........   100%        6    ######.
 Ring of Flames           Chrm/Fire      #.........   100%        7    #######
 Sticks to Snakes         Tmut           Unusable     N/A         2    N/A
 Animate Skeleton         Necr           Unusable     N/A         1    N/A
 Animate Dead             Necr           Unusable     N/A         4    N/A

Dungeon Overview and Level Annotations

Branches:
Dungeon (13/15)            Temple (0/1) D:5            Lair (6/6) D:10
  Swamp (0/4) Lair:4        Snake (0/4) Lair:2        Slime (0/5) Lair:6
    Orc (2/2) D:10
    Elf: Orc:2       Vaults: D:13-14

Altars:
Dithmenos
Gozag
Hepliaklqana
Kikubaaqudgha
Makhleb
Nemelex Xobeh
Okawaru
Ru
Sif Muna
Trog
Yredelemnul
Zin
Jiyva

Shops:
D:3 *   D:5 ?   Orc:2 [


Innate Abilities, Weirdness & Mutations

You can breathe blasts of noxious fumes.
Your lurid green scales are hard. (AC +9)
You cannot fit into any form of body armour.
Your tail ends in a poisonous barb.
You are frail. (-10% HP)
Your system is resistant to poisons. (rPois)
You are cold-blooded and may be slowed by cold attacks.
You cannot be stealthy.
You are hated by all.
You are sensitive to extremes of temperature. (rF-, rC-)
You have sharp toenails.
Your body sometimes deteriorates upon taking damage.
You are somewhat resistant to further mutation.


Message History

An orc wizard comes into view.
It is wielding a +0 dagger and wearing a +2 robe The ogre moves out of view.
You hear a shout!
An orc warrior comes into view. It is wielding a +0 glaive.
The orc wizard mumbles some strange words.
The orc wizard blinks!
An orc comes into view. It is wielding a +0 dagger.
The ogre barely misses you.
The cyclops throws a large rock.
The large rock barely misses you.
The large rock hits the orc!!!
The orc dies!
You redirect the orc's attack!
The orc hits itself but does no damage.
The orc warrior misses you.
An orc wizard comes into view. It is wielding a +1 dagger of speed.
The orc wizard gestures wildly while chanting.
The orc wizard blinks!
The orc wizard mumbles some strange words.
The orc wizard blinks!
The cyclops throws a large rock.
The large rock hits you!!!
You die...

.. ........................# ..
.....o..o................ $.
..........o§......$......# ##.
........o..Oo#.$...##....#
##.##..........oOO.....##.....#
#..............O.oo.)........#
#.............(.o...(.$$....###.
##.)....#......(O.......$........
T...†.....#.[^T.@..o.............
T)))##............CO.§[..O.......
))).)................#.o..OOO...$
.#.)........).....$..o...#.OO....
..#.......T...).).).)C.O..#O..#..
.##.......#)...[)<...oO).....TO..
##..............)...#..).....CO.
.#.....#......#.).#...
........#)#)$. .....


You could see 3 two-headed ogres, 2 deep trolls, 2 cyclopes, 4 orc warriors, 5
ogres, 3 orc wizards and 6 orcs.

Vanquished Creatures
  Rupert (Orc:2)
  Kirke (Lair:6)
  The ghost of infcreate the Fencer, a journeyman HuBe of Trog (Lair:5)
  2 ogre magi (Orc:2)
  A catoblepas (Lair:2)
  The ghost of HereIgoKillingAgain the Impaler, a journeyman MfGl of Yredelemnul (D:10)
  7 hydras
  A centaur warrior (D:12)
  6 two-headed ogres (Orc:2)
  7 death yaks
  A tengu warrior (D:13)
  Urug (Lair:3)
  An orc high priest (Orc:2)
  3 skeletal warriors (D:13)
  3 unseen horrors
  A necromancer (IceCv)
  A deep elf mage (D:13)
  An orc knight (Orc:2)
  A manticore (D:11)
  An ugly thing (D:12)
  3 cyclopes
  6 black mambas
  Psyche (D:12)
  5 elephants (Lair:1)
  Joseph (D:8)
  A guardian serpent (D:12)
  4 ice statues (IceCv)
  2 gargoyles
  27 spiny frogs
  2 kobold demonologists (D:11)
  2 rime drakes
  6 komodo dragons
  5 ice devils (IceCv)
  A tengu conjurer (D:13)
  4 tyrant leeches (Lair:6)
  10 trolls (Orc:2)
  2 polar bears
  A queen bee (Lair:3)
  23 blink frogs
  7 dream sheep (Lair:4)
  4 hippogriffs
  A wraith (D:8)
  29 yaks
  A fire elemental (Lair:6)
  A water elemental (D:13)
  A wyvern (D:13)
  A hungry ghost (D:11)
  A basilisk (Lair:1)
  A steam dragon (Lair:3)
  4 hogs (Lair:6)
  10 vampire mosquitoes
  A warg (Orc:2)
  Menkaure (D:7)
  16 water moccasins
  6 porcupines
  Purgy (Sewer)
  15 orc warriors
  2 sky beasts
  3 black bears
  3 ice beasts
  16 ogres
  17 centaurs
  22 wolves
  2 phantoms
  3 big kobolds
  11 crocodiles
  26 bullfrogs
  A gnoll sergeant (D:5)
  The ghost of AnimeWaifu the Grave Robber, an amateur FeNe (D:4)
  A wyvern skeleton (D:12)
  6 scorpions
  21 killer bees
  4 wights (D:9)
  2 electric eels
  2 howler monkeys
  3 draconian simulacra (IceCv)
  A lava snake (D:13)
  3 crimson imps
  5 hounds
  2 quasits (D:12)
  A bullfrog zombie (D:12)
  3 centaur zombies
  4 centaur skeletons
  6 jellies
  20 orc priests
  2 human zombies (Ossuary)
  32 orc wizards
  3 bullfrog skeletons
  3 iguanas
  2 troll simulacra (IceCv)
  14 worker ants
  3 big kobold zombies (Ossuary)
  2 centaur simulacra (IceCv)
  3 mummies (Ossuary)
  2 worker ant zombies
  9 gnolls
  A river rat (Lair:6)
  14 adders
  A naga simulacrum (IceCv)
  2 ogre simulacra (IceCv)
  A shadow imp (D:5)
  11 white imps (D:13)
  5 oozes
  2 adder skeletons
  A worm (D:3)
  4 leopard geckos
  86 orcs
  6 bats
  10 giant cockroaches
  9 goblins
  10 hobgoblins
  11 jackals
  7 quokkas
  5 frilled lizards
  A gnoll zombie (Ossuary)
  3 goblin zombies (Ossuary)
  A hobgoblin zombie (Ossuary)
  13 kobolds
  3 kobold zombies (Ossuary)
  A leopard gecko zombie (D:5)
  An orc zombie (Ossuary)
  A quokka skeleton (D:7)
  5 rats
  3 fungi (Lair:6)
  6 plants (Lair:6)
739 creatures vanquished.

Vanquished Creatures (collateral kills)
  A slime creature (D:11)
  A basilisk (D:10)
  A warg (D:10)
  An orc warrior (D:5)
  An ogre (D:8)
  Blork the orc (D:4)
  3 killer bees (D:9)
  A centaur zombie (Ossuary)
  2 jellies
  An orc priest (D:7)
  An orc wizard (D:7)
  A bullfrog skeleton (D:11)
  2 hound skeletons
  3 gnolls
  2 scorpion zombies (Ossuary)
  A white imp (D:13)
  An ooze (D:11)
  3 leopard geckos
  6 orcs
  2 giant cockroaches (D:3)
  A gnoll zombie (Ossuary)
  A quokka (D:3)
  A frilled lizard (D:2)
  A hobgoblin zombie (Ossuary)
  A kobold (D:2)
  An orc zombie (Ossuary)
  A rat (D:3)
42 creatures vanquished.

Vanquished Creatures (others)
  A two-headed ogre (D:13)
  An orc warrior (Orc:1)
  A crocodile (Lair:6)
  2 orcs
  13 fungi
  35 plants
53 creatures vanquished.

Grand Total: 834 creatures vanquished

Notes
Turn   | Place    | Note
-------+----------+-------------------------------------------
     0 | D:1      | HereIgoKillingAgain the Draconian Transmuter began the
                  | quest for the Orb.
     0 | D:1      | Reached XP level 1. HP: 16/16 MP: 3/3
    89 | D:1      | Reached XP level 2. HP: 10/23 MP: 3/5
   587 | D:1      | Learned a level 2 spell: Sticks to Snakes
   740 | D:1      | Reached XP level 3. HP: 28/28 MP: 6/6
   863 | D:2      | Reached skill level 4 in Unarmed Combat
   900 | D:2      | Found a hazy altar of Hepliaklqana.
  1376 | D:2      | Found a burning altar of Makhleb.
  1554 | D:2      | Reached XP level 4. HP: 20/35 MP: 3/7
  1926 | D:3      | Gained mutation: You have sharp toenails. [potion of
                  | mutation]
  1926 | D:3      | Gained mutation: Your body sometimes deteriorates upon
                  | taking damage. [potion of mutation]
  1926 | D:3      | Gained mutation: You are somewhat resistant to further
                  | mutation. [potion of mutation]
  1966 | D:3      | Reached skill level 5 in Unarmed Combat
  1966 | D:3      | Reached XP level 5. HP: 6/40 MP: 5/8
  2267 | D:3      | Found an opulent altar of Gozag.
  2577 | D:3      | Learned a level 5 spell: Blade Hands
  2731 | D:3      | Found Gozag's Platinum Reserve.
  2869 | D:4      | Found a runed door.
  2869 | D:4      | Noticed an ogre
  2869 | D:4      | Noticed AnimeWaifu's ghost (amateur FeNe)
  3030 | D:4      | Reached XP level 6. HP: 24/47 MP: 9/9
  3046 | D:4      | Found a sacrificial altar of Ru.
  3110 | D:4      | Became a worshipper of Ru the Awakened
  3275 | D:4      | Noticed Blork the orc
  3290 | D:4      | Killed Blork the orc
  3290 | D:4      | Reached skill level 6 in Unarmed Combat
  3294 | D:4      | Found a glowing drain.
  3313 | Sewer    | Entered a sewer
  3358 | Sewer    | Noticed Purgy
  3375 | Sewer    | Killed Purgy
  3510 | D:4      | Your scales start taking on a lurid green colour.
  3510 | D:4      | Reached XP level 7. HP: 47/52 MP: 4/10
  3510 | D:4      | Gained mutation: Your system is resistant to poisons.
                  | (rPois) [Green Draconian growth]
  3647 | D:4      | Found a sparkling altar of Nemelex Xobeh.
  3839 | D:4      | Killed AnimeWaifu's ghost
  3852 | D:4      | Reached skill level 7 in Unarmed Combat
  3877 | D:5      | Entered Level 5 of the Dungeon
  3919 | D:5      | Reached skill level 5 in Transmutations
  4353 | D:5      | Reached skill level 8 in Unarmed Combat
  4377 | D:5      | Found Xeawk's Magic Scroll Shoppe.
  4474 | D:5      | Gained mutation: You cannot be stealthy. [Ru sacrifice]
  4616 | D:5      | Found a bloodstained altar of Trog.
  4681 | D:5      | Found a staircase to the Ecumenical Temple.
  4764 | D:5      | Bought a scroll of amnesia for 42 gold pieces
  4767 | D:5      | Bought a scroll of identify for 24 gold pieces
  4767 | D:5      | Bought a scroll of identify for 24 gold pieces
  4767 | D:5      | Bought a scroll of identify for 24 gold pieces
  4767 | D:5      | Bought a scroll of identify for 24 gold pieces
  4767 | D:5      | Bought a scroll of identify for 24 gold pieces
  4767 | D:5      | Bought a scroll of identify for 24 gold pieces
  4767 | D:5      | Bought a scroll of fear for 42 gold pieces
  4818 | D:6      | Found a deep blue altar of Sif Muna.
  4863 | D:5      | Reached XP level 8. HP: 43/59 MP: 1/11
  5082 | D:6      | Found an ancient bone altar of Kikubaaqudgha.
  5150 | D:6      | Found an iron altar of Okawaru.
  5499 | D:7      | Reached skill level 9 in Unarmed Combat
  5891 | D:7      | Reached skill level 1 in Evocations
  6093 | D:7      | Reached XP level 9. HP: 49/64 MP: 12/12
  6186 | D:7      | Reached skill level 10 in Unarmed Combat
  6283 | D:7      | Noticed Menkaure
  6295 | D:7      | Killed Menkaure
  6887 | D:8      | Noticed Joseph
  6908 | D:8      | Killed Joseph
  7265 | D:8      | Found a sand-covered staircase.
  7274 | Ossuary  | Entered an ossuary
  7382 | Ossuary  | Reached skill level 11 in Unarmed Combat
  7497 | Ossuary  | Gained mutation: You are sensitive to extremes of
                  | temperature. (rF-, rC-) [Ru sacrifice]
  7497 | Ossuary  | Reached * piety under Ru
  7497 | Ossuary  | Reached ** piety under Ru
  7497 | Ossuary  | Reached *** piety under Ru
  8537 | D:9      | Reached XP level 10. HP: 71/71 MP: 10/13
  8793 | D:9      | Found a basalt altar of Yredelemnul.
  8809 | D:9      | Found a glowing silver altar of Zin.
  8809 | D:9      | Found a shadowy altar of Dithmenos.
  8898 | D:10     | Entered Level 10 of the Dungeon
  8914 | D:10     | Found a staircase to the Lair.
  8920 | D:10     | Found a basalt altar of Yredelemnul.
  9075 | D:10     | Found a staircase to the Orcish Mines.
  9207 | D:10     | Reached skill level 5 in Evocations
  9305 | D:10     | Found a runed door.
  9306 | D:10     | Noticed HereIgoKillingAgain's ghost (journeyman MfGl)
  9609 | D:10     | Killed HereIgoKillingAgain's ghost
  9609 | D:10     | Reached skill level 12 in Unarmed Combat
  9917 | D:11     | Noticed a two-headed ogre
 10213 | D:11     | Found a sparkling altar of Nemelex Xobeh.
 10213 | D:11     | Noticed a four-headed hydra
 10216 | D:10     | Killed a four-headed hydra
 10216 | D:10     | Reached skill level 13 in Unarmed Combat
 10294 | D:11     | Killed an unseen horror
 10294 | D:11     | Reached XP level 11. HP: 41/77 MP: 14/14
 10508 | D:11     | Gained mutation: You are frail. (-10% HP) [Ru sacrifice]
 10508 | D:11     | Reached **** piety under Ru
 10508 | D:11     | Reached ***** piety under Ru
 10798 | D:11     | Reached skill level 10 in Transmutations
 10959 | D:11     | Found an iron altar of Okawaru.
 11193 | D:12     | Noticed Psyche
 11203 | D:12     | Killed Psyche
 11239 | D:12     | Noticed a four-headed hydra
 11245 | D:12     | Killed a four-headed hydra
 11245 | D:12     | Reached skill level 14 in Unarmed Combat
 11506 | D:12     | Noticed a green ugly thing
 11508 | D:12     | Killed a green ugly thing
 11588 | D:12     | Noticed a centaur warrior
 11598 | D:12     | Killed a centaur warrior
 11734 | D:12     | Killed an unseen horror
 12357 | D:12     | Noticed an unseen horror
 12370 | D:12     | Killed an unseen horror
 12549 | D:12     | Reached XP level 12. HP: 56/80 MP: 17/17
 13300 | D:13     | Noticed a two-headed ogre
 13307 | D:13     | Killed a two-headed ogre
 13307 | D:13     | Reached skill level 15 in Unarmed Combat
 13329 | D:13     | Noticed a tengu warrior
 13347 | D:13     | Killed a tengu warrior
 13434 | D:13     | Reached skill level 5 in Fighting
 13740 | D:13     | Reached skill level 5 in Dodging
 13743 | D:13     | Found a frozen archway.
 13747 | IceCv    | Entered an ice cave
 14057 | IceCv    | Reached skill level 5 in Spellcasting
 14920 | IceCv    | Found the +2 ratskin cloak {+Rats rPois rN+ Str-1 Int-1
                  | Dex+1}
 14923 | IceCv    | Got a fine plate armour
 14929 | IceCv    | Got a bronze ring mail
 14955 | IceCv    | Identified the +2 robe of the Komodo Dragon {MR+}
 15584 | Lair:1   | Entered Level 1 of the Lair of Beasts
 15633 | Lair:1   | Reached XP level 13. HP: 78/91 MP: 15/21
 16809 | Lair:1   | Reached skill level 16 in Unarmed Combat
 17386 | Lair:2   | Found a staircase to the Snake Pit.
 19092 | Lair:3   | Noticed Urug
 19757 | Lair:3   | Killed Urug
 19795 | Lair:3   | Identified the +10 plate armour "Byfukhoz" {rPois} (You
                  | found it in an ice cave)
 19796 | Lair:3   | Identified the +5 ring mail of Nivy {rElec MR+ rCorr Dex-3}
                  | (You found it in an ice cave)
 20249 | Lair:4   | Gained mutation: Your tail ends in a poisonous barb. [Green
                  | Draconian growth]
 20249 | Lair:4   | Reached XP level 14. HP: 57/103 MP: 24/24
 20355 | Lair:4   | Found a staircase to the Swamp.
 21062 | Lair:5   | Reached skill level 17 in Unarmed Combat
 21211 | Lair:5   | Found a runed door.
 21220 | Lair:5   | Noticed infcreate's ghost (journeyman HuBe)
 21700 | Lair:5   | Killed infcreate's ghost
 21880 | Lair:6   | Entered Level 6 of the Lair of Beasts
 21880 | Lair:6   | Noticed Kirke
 23019 | Lair:6   | Killed Kirke
 23020 | Lair:6   | Found a viscous altar of Jiyva.
 23020 | Lair:6   | Found a staircase to the Slime Pits.
 24177 | Orc:1    | Entered Level 1 of the Orcish Mines
 24564 | Orc:1    | Gained mutation: You are hated by all. [Ru sacrifice]
 24564 | Orc:1    | Reached ****** piety under Ru
 24811 | Orc:2    | Entered Level 2 of the Orcish Mines
 24811 | Orc:2    | Found Vacsaux's Armour Boutique.
 24811 | Orc:2    | Noticed Rupert
 24812 | Orc:2    | Reached XP level 15. HP: 112/112 MP: 27/27
 24930 | Orc:2    | Killed Rupert
 24930 | Orc:2    | Reached skill level 18 in Unarmed Combat
 24955 | Orc:2    | Hit by a large rock thrown by a cyclops

Vault maps used:
D:1:      moated_graveyard_arrival, minmay_misc_feat_doors
D:2:      lemuel_coloured_pillars_altar, old_standard_altar,
          minmay_misc_feat_pillars, feat_on_display
D:3:      nicolae_gozag_zags_fifth_avenue, first_ration
D:4:      overflow_temple_1_default, lemuel_round_altar, gup_sewer_entry_glass,
          ebering_ghost_inner_flame, uniq_blork_the_orc
D:5:      bloody_trog, minmay_temple_entry_poolview, serial_shops,
          kennysheep_mini
D:6:      overflow_temple_1_default, okawaru_gym_becter, kiku_gazebo_pond_becter
D:7:      uniq_menkaure
D:8:      minmay_chambers_of_fours, enter_ossuary_2, uniq_joseph
D:9:      yredelemnul_altar_generic, gammafunk_temple_overflow_wave
D:10:     lair_entry_dummy, erik_orc_3, gammafunk_ghost_grave, basic_altar
D:11:     serial_park_tiny_1, hangedman_little_slice_of_home,
          hangedman_feature_mirror
D:12:     nrook_guardian_serpent_ordinary, uniq_psyche
D:13:     portal_ice_cave_entry_imps, nicolae_lava_and_water
Lair:2:   minmay_snake_entry_six_corridors
Lair:3:   special_room, uniq_urug
Lair:4:   swamp_mist
Lair:5:   hellmonk_ghost_happy_afterlife, st_stairs_12
Lair:6:   minmay_lair_end_frog_pond, slime_altar_1, pond, uniq_kirke
Orc:2:    st_orc_open, uniq_rupert
Sewer:    kennysheep_door_sewer
Ossuary:  ossuary_minmay_scorpions
IceCv:    ice_cave_tombish

Skill      XL: |  1  2  3  4  5  6  7  8  9 10 11 12 13 14 15 |
---------------+----------------------------------------------+-----
Dodging        | 2 3 5 7 8 |  8.6
Unarmed Combat | 4 5 6 8 9 11 13 14 15 16 17 18 | 18.0
Transmutations | 3 4 5 6 8 9 10 11 12 | 12.0
Evocations     | 1 4 5 |  5.0
Fighting       | 3 6 8 9 |  9.9
Spellcasting   | 3 5 7 8 |  8.6

Action                   |  1- 3 |  4- 6 |  7- 9 | 10-12 | 13-15 || total
-------------------------+-------+-------+-------+-------+-------++-------
Melee: Unarmed           |   118 |   221 |   454 |   599 |   672 ||  2064
       Tailslap          |    17 |    27 |    35 |    55 |    68 ||   202
       Punch             |     4 |     1 |    18 |    26 |    29 ||    78
       Headbutt          |     2 |     9 |    15 |     5 |       ||    31
       Kick              |       |    50 |   118 |   126 |   135 ||   429
 Cast: Beastly Appendage |     2 |    11 |    13 |     2 |       ||    28
       Sticks to Snakes  |     7 |    11 |    50 |    24 |     4 ||    96
       Blade Hands       |       |       |       |    37 |    70 ||   107
Invok: Sacrifice Stealth |       |       |     1 |       |       ||     1
       Sacrifice Resista |       |       |     1 |       |       ||     1
       Draw Out Power    |       |       |       |     5 |     8 ||    13
       Power Leap        |       |       |       |     4 |     1 ||     5
       Apocalypse        |       |       |       |     2 |     5 ||     7
       Sacrifice Health  |       |       |       |     1 |       ||     1
       Reject Sacrifices |       |       |       |     1 |       ||     1
       Sacrifice Love    |       |       |       |       |     1 ||     1
 Abil: Breathe Noxious F |       |       |     6 |     5 |       ||    11
       Evoke Ratskin     |       |       |       |     1 |       ||     1
Evoke: Wand              |       |       |     9 |     7 |    30 ||    46
  Use: Scroll            |       |    11 |    10 |     4 |    11 ||    36
       Potion            |       |     3 |       |     8 |     5 ||    16
 Stab: Sleeping          |     1 |       |       |       |       ||     1
       Confused          |       |       |     2 |     3 |     1 ||     6
       Distracted        |       |       |     4 |     5 |     6 ||    15
       Invisible         |       |       |       |     4 |     6 ||    10
       Paralysed         |       |       |       |     5 |     2 ||     7
  Eat: Ration            |     1 |     2 |     6 |     9 |    13 ||    31
       Chunk             |       |     4 |     1 |     6 |    14 ||    25
Armor: Skin              |    36 |   150 |   195 |   323 |   263 ||   967
Dodge: Dodged            |    74 |   147 |   228 |   382 |   555 ||  1386

Table legend:
 A = Non-vault XP
 B = Vault XP
 C = Vault XP percentage of total XP
 D = Non-vault monster count
 E = Vault monster count
 F = Vault count percentage of total count
                 A         B        C        D         E       F
            +---------+---------+-------+---------+---------+-------
      Total |   74021 |   43412 |  37.0 |     550 |     225 |  29.0
            +---------+---------+-------+---------+---------+-------
        D:1 |      42 |       0 |   0.0 |      22 |       0 |   0.0
        D:2 |      67 |       0 |   0.0 |      16 |       0 |   0.0
        D:3 |     218 |       0 |   0.0 |      36 |       0 |   0.0
        D:4 |     209 |     241 |  53.6 |      13 |       6 |  31.6
        D:5 |     567 |       0 |   0.0 |      32 |       0 |   0.0
        D:6 |     227 |       0 |   0.0 |      10 |       0 |   0.0
        D:7 |    1207 |     165 |  12.0 |      46 |       1 |   2.1
        D:8 |    1049 |     733 |  41.1 |      26 |       4 |  13.3
        D:9 |     900 |       0 |   0.0 |      18 |       0 |   0.0
       D:10 |    1466 |    1266 |  46.3 |      10 |      16 |  61.5
       D:11 |    4729 |     350 |   6.9 |      29 |       9 |  23.7
       D:12 |    7289 |     918 |  11.2 |      47 |       2 |   4.1
       D:13 |   10240 |     116 |   1.1 |      45 |      12 |  21.1
     Lair:1 |    5829 |       0 |   0.0 |      22 |       0 |   0.0
     Lair:2 |    3954 |    1886 |  32.3 |      17 |      14 |  45.2
     Lair:3 |    9368 |    2046 |  17.9 |      41 |      19 |  31.7
     Lair:4 |    7640 |       0 |   0.0 |      18 |       0 |   0.0
     Lair:5 |    5900 |    1762 |  23.0 |      17 |       2 |  10.5
     Lair:6 |    7576 |   16331 |  68.3 |      26 |      62 |  70.5
      Orc:1 |    1369 |       0 |   0.0 |      29 |       0 |   0.0
      Orc:2 |    4175 |   12407 |  74.8 |      30 |      24 |  44.4
      Sewer |       0 |     149 | 100.0 |       0 |       6 | 100.0
    Ossuary |       0 |     599 | 100.0 |       0 |      28 | 100.0
      IceCv |       0 |    4443 | 100.0 |       0 |      20 | 100.0
            +---------+---------+-------+---------+---------+-------
